 Dungeon Crawl Stone Soup version 0.30.0-30-g96aa6591b8 (webtiles) character file.

Game seed: 3090944870928786046

76307 drcrypt the Warrior (level 15, -8/143 HPs)
             Began as a Minotaur Fighter on June 28, 2023.
             Was the Champion of Okawaru.
             Mangled by a spriggan rider
             ... wielding the +10 spear "Athryx" {flame, *Rage +Blink rElec}
              (21 damage)
             ... on level 13 of the Dungeon on June 29, 2023.
             The game lasted 01:59:03 (26209 turns).

drcrypt the Warrior (Minotaur Fighter)             Turns: 26209, Time: 01:59:04

Health: -8/143     AC: 22    Str: 32    XL:     15   Next: 12%
Magic:  15/15      EV: 21    Int:  5    God:    Okawaru [******]
Gold:   1562       SH:  7    Dex: 11    Spells: 14/14 levels left

rFire   + . .        X - +12 broad axe of Plog {flame, rCorr Str+2 Stlth+}
rCold   + + .        c - +0 buckler
rNeg    . . .        W - +4 plate armour
rPois   .            (helmet restricted)
rElec   .            o - scarf {rC+ rF+}
rCorr   +            u - +0 pair of gloves
SInv    .            (no boots)
Will    +....        V - amulet of the acrobat Stlth
                     E - +5 ring of evasion
HPRegen 0.43/turn    a - ring "Pomopeacua" {rC+ EV+5 Str+3}
MPRegen 0.14/turn

%: acrobat
@: no status effects
A: horns 2, retaliatory headbutt
a: Renounce Religion, Heroism, Finesse, Duel


You were on level 13 of the Dungeon.
You worshipped Okawaru.
Okawaru was exalted by your worship.
You visited 4 branches of the dungeon, and saw 21 of its levels.
You also visited: Ice Cave.

You collected 2405 gold pieces.
You spent 843 gold pieces at shops.

Inventory:

Hand Weapons
 C - the +4 trident of Disaster {venom, rElec}
   (You took it off a hobgoblin on level 3 of the Dungeon)

   rElec:     It insulates you from electricity.
 H - a +1 triple crossbow of freezing
 X - the +12 broad axe of Plog (weapon) {flame, rCorr Str+2 Stlth+}
   (Okawaru gifted it to you on level 3 of the Lair of Beasts)

   Str:       It affects your strength (+2).
   rCorr:     It protects you from acid and corrosion.
   Stlth:     It makes you more stealthy.
Missiles
 b - 9 boomerangs (quivered)
 t - 3 silver boomerangs
Armour
 c - a +0 buckler (worn)
 g - a +1 cloak
 n - the +5 chain mail "Uffuexy" {+Inv}
   (Okawaru gifted it to you on level 5 of the Lair of Beasts)

   +Inv:      It lets you turn invisible.
 o - a scarf of resistance (worn)
 u - a +0 pair of gloves (worn)
 J - a +1 plate armour of willpower
 W - a +4 plate armour (worn)
Jewellery
 a - the ring "Pomopeacua" (right hand) {rC+ EV+5 Str+3}
   (You bought it in a shop on level 2 of the Orcish Mines)

   [ring of evasion]

   EV:        It affects your evasion (+5).
   Str:       It affects your strength (+3).
   rC:        It protects you from cold.
 A - a ring of ice
 E - a +5 ring of evasion (left hand)
 F - a ring of protection from fire
 Q - a ring of resist corrosion
 T - a ring of resist corrosion
 V - an amulet of the acrobat (around neck)
Wands
 j - a wand of paralysis (16)
 x - a wand of roots (26)
 D - a wand of mindburst (8)
 K - a wand of digging (1)
 U - a wand of acid (13)
 Y - a wand of flame (54)
Scrolls
 e - 3 scrolls of magic mapping
 m - 5 scrolls of amnesia
 p - 2 scrolls of fog
 q - 5 scrolls of teleportation
 r - 3 scrolls of enchant weapon
 s - 2 scrolls of enchant armour
 v - 7 scrolls of identify
 y - 3 scrolls of blinking
 L - a scroll of fear
Potions
 d - 4 potions of might
 f - 6 potions of curing
 h - 2 potions of resistance
 i - 4 potions of flight
 k - 6 potions of haste
 l - 5 potions of lignification
 w - 4 potions of ambrosia
 z - 3 potions of degeneration
 B - 6 potions of cancellation
 G - 4 potions of mutation {unknown}
 M - 4 potions of attraction {unknown}
 P - a potion of invisibility
 S - a potion of magic


   Skills:
 + Level 15.9 Fighting
 + Level 12.0(14.3) Axes
 - Level 1.7(7.8) Maces & Flails
 - Level 12.5(14.5) Polearms
 - Level 6.9 Throwing
 + Level 15.9 Armour
 - Level 8.4 Dodging
 - Level 11.9 Shields
 + Level 2.0 Invocations


You had 14 spell levels left.
You didn't know any spells.
Your spell library contained the following spells:

 Spells                   Type           Power      Damage    Failure   Level
 Apportation              Tloc           0%         N/A       95%         1
 Freeze                   Ice            0%         1d3       95%         1
 Magic Dart               Conj           0%         1d3       95%         1
 Necrotise                Necr           0%         1d4       95%         1
 Sting                    Tmut/Pois      0%         1d3       95%         1
 Poisonous Vapours        Pois/Air       0%         N/A       99%         2
 Scorch                   Fire           0%         2d5       99%         2
 Searing Ray              Conj           0%         2d4       99%         2
 Dazzling Flash           Conj/Hex       0%         N/A       100%        3
 Frozen Ramparts          Ice            0%         1d1       100%        3
 Hailstorm                Conj/Ice       0%         3d3       100%        3
 Ignite Poison            Fire/Tmut/Pois 0%         N/A       100%        3
 Mephitic Cloud           Conj/Pois/Air  0%         N/A       100%        3
 Ozocubu's Armour         Ice            0%         N/A       100%        3
 Volatile Blastmotes      Fire/Tloc      0%         2d10      100%        3
 Flame Wave               Conj/Fire      0%         2d4       100%        4
 Fulminant Prism          Conj/Hex       0%         3d5       100%        4
 Iskenderun's Mystic Bla  Conj/Tloc      0%         2d3       100%        4
 Olgreb's Toxic Radiance  Pois           0%         N/A       100%        4
 Passage of Golubria      Tloc           0%         N/A       100%        4
 Sticky Flame             Conj/Fire      0%         2d3       100%        4
 Freezing Cloud           Conj/Ice/Air   0%         6-21      100%        5
 Yara's Violent Unravell  Hex/Tmut       0%         3d3       100%        5
 Starburst                Conj/Fire      0%         6d3       100%        6
 Orb of Destruction       Conj           0%         9d5       100%        7
 Ozocubu's Refrigeration  Ice            0%         4d7       100%        7
 Storm Form               Tmut/Air       0%         N/A       100%        7
 Ignition                 Fire           0%         3d3       100%        8
 Maxwell's Capacitive Co  Air            0%         ∞         100%        8
 Chain Lightning          Conj/Air       0%         N/A       100%        9
 Fire Storm               Conj/Fire      0%         5d1       100%        9
 Polar Vortex             Ice            0%         N/A       100%        9
 Shatter                  Erth           0%         3d5*      100%        9
 Summon Small Mammal      Summ           Unusable   N/A       N/A         1
 Call Canine Familiar     Summ           Unusable   N/A       N/A         3
 Summon Guardian Golem    Hex/Summ       Unusable   N/A       N/A         3
 Tukima's Dance           Hex            Unusable   N/A       N/A         3
 Summon Lightning Spire   Summ/Air       Unusable   N/A       N/A         4
 Simulacrum               Ice/Necr       Unusable   N/A       N/A         6
 Summon Cactus Giant      Summ           Unusable   N/A       N/A         6
 Spellforged Servitor     Conj/Summ      Unusable   N/A       N/A         7

Dungeon Overview and Level Annotations

Branches:
Dungeon (13/15)            Temple (1/1) D:4            Lair (5/5) D:11
 Shoals (0/4) Lair:2        Snake (0/4) Lair:3        Slime (0/5) Lair:4
    Orc (2/2) D:9             Elf (0/3) Orc:2        Vaults (0/5) D:13
  IceCv (visited)

Altars:
Ashenzari
Cheibriados
Dithmenos
Elyvilon
Fedhas
Gozag
Hepliaklqana
Kikubaaqudgha
Makhleb
Nemelex Xobeh
Okawaru
Qazlal
Ru
Sif Muna
Trog
Uskayaw
Vehumet
Wu Jian
Xom
Yredelemnul
Zin
The Shining One
Jiyva

Shops:
D:7 !   Orc:2 (?(=?

Annotations:
D:2 Sigmund
Lair:3 2 transporters, Dewotholy's ghost, journeyman VSBe
Lair:4 1 runed translucent door


Innate Abilities, Weirdness & Mutations

You have a pair of horns on your head.
You reflexively headbutt those who attack you in melee.


Message History

You are too injured to fight recklessly!
You are too injured to fight recklessly!
The spriggan rider attacks as you move away!
You block the spriggan rider's attack.
The spriggan rider completely misses you.
The spriggan hits you but does no damage.
The spriggan rider completely misses you.
You block the spriggan rider's attack.
The spriggan rider hits you from afar with the +10 spear "Athryx" {flame, *Rage +Blink rElec}!
The spriggan rider burns you. You block the spriggan rider's attack.
You block the spriggan rider's attack.
The spriggan rider rages.
The spriggan rider misses you.
The spriggan rider completely misses you.
The spriggan rider completely misses you.
The spriggan throws a stone.
The stone barely misses you. You block the spriggan rider's attack.
The spriggan rider hits you with the +10 spear "Athryx" {flame, *Rage +Blink rElec}.
The spriggan rider burns you. The spriggan barely misses you.
You are too injured to fight recklessly!
You are too injured to fight recklessly!
You slice the spriggan rider!! You burn the spriggan rider.
The spriggan rider is moderately wounded.
You block the spriggan rider's attack.
The spriggan hits you but does no damage.
You closely miss the spriggan rider.
Your headbutt misses the spriggan rider.
The spriggan rider is moderately wounded.
The spriggan rider misses you. You furiously retaliate!
You headbutt the spriggan rider.
The spriggan rider hits you with the +10 spear "Athryx" {flame, *Rage +Blink rElec}!!
* * * LOW HITPOINT WARNING * * *
The spriggan rider burns you.
* * * LOW HITPOINT WARNING * * *
You feel better.
You feel like a meek peon again. The spriggan barely misses you.
The spriggan rider hits you with the +10 spear "Athryx" {flame, *Rage +Blink rElec}!!
You die...

#.....##.# ##.+......)...#
#.....##.##########.......[..#
#.....##.......# #.........##
#.....########.# #........##
####### #.# ###......# # #.#
######.# # #.# #.#### #.#
#...(# ##@# ######.. #.i#♣♣♣
#....... #i##..♣ ♣♣ #.######
#h.##.♣♣.♣ #.###### #..8#...♣
#....... #..h#...♣ ##.#####
#...h.♣!♣.♣ #.# #..
##..#.....♣ #.# #.# #.8#..♣..♣
#.###..


You could see a spriggan rider (berserk), a polar bear and a spriggan.

Vanquished Creatures
  Gastronok (Lair:2)
  The ghost of Magoutam the Bludgeoner, a journeyman KoBe of Trog (D:13)
  Nessos (Lair:4)
  A dire elephant (Lair:5)
  An ettin (Orc:1)
  The ghost of AgateBread the Carver, a journeyman AtWr of Ashenzari (D:10)
  7 hydras
  2 catoblepae (Lair:5)
  2 centaur warriors (D:13)
  6 two-headed ogres
  3 ogre magi (Orc:2)
  A boulder beetle (D:13)
  2 dancing weapons (D:13)
  A deep troll shaman (Lair:5)
  9 death yaks (Lair:5)
  Amaemon (Lair:3)
  Nergalle (Lair:2)
  A skyshark (Lair:4)
  The ghost of booth the Conjurer, a novice DsRe of Ashenzari (D:7)
  2 bog bodies (IceCv)
  An orc knight (Orc:1)
  A lindwurm (Lair:2)
  A phantasmal warrior (Lair:2)
  8 orc sorcerers (Orc:2)
  4 ugly things (D:13)
  A moth of wrath (D:7)
  18 elephants
  2 cyclopes
  Joseph (Lair:1)
  9 black mambas
  3 gargoyles
  A cane toad (shapeshifter) (D:13)
  An orange demon (Lair:3)
  A kobold demonologist (D:11)
  11 cane toads
  3 unseen horrors
  8 komodo dragons
  An anaconda simulacrum (IceCv)
  An efreet (D:13)
  A burning bush (Lair:1)
  4 polar bears
  5 trolls
  Prince Ribbit (D:6)
  A dream sheep (Lair:3)
  8 blink frogs
  2 dire elephant simulacra (IceCv)
  A shadow (D:9)
  2 wraiths
  5 wyverns
  4 basilisks
  44 yaks
  A human (Lair:2)
  2 wargs
  5 vampire mosquitoes
  A steam dragon (D:8)
  A death yak simulacrum (IceCv)
  A harpy simulacrum (IceCv)
  5 nagas (Lair:3)
  5 acid dragons
  11 water moccasins
  19 orc warriors
  3 black bears
  10 wolves
  4 ogres
  A boggart (D:13)
  4 centaurs
  A phantom (D:3)
  10 bullfrogs
  5 kobold brigands
  3 gnoll sergeants
  2 scorpions
  4 two-headed ogre simulacra (IceCv)
  4 cane toad simulacra (IceCv)
  A wight (D:7)
  2 elephant simulacra (IceCv)
  4 howler monkeys
  An electric eel (D:7)
  2 jellies
  23 orc priests
  5 hounds
  Crazy Yiuf (D:2)
  2 gnoll boudas
  Terence (D:3)
  2 iguanas (D:6)
  2 sleepcaps
  32 orc wizards
  A hell rat (Lair:3)
  2 polar bear simulacra (IceCv)
  5 troll simulacra (IceCv)
  3 spriggan simulacra (IceCv)
  3 wolf simulacra (IceCv)
  38 gnolls
  8 adders
  10 naga simulacra (IceCv)
  A shadow imp (D:7)
  4 white imps (IceCv)
  5 ufetubi
  2 worms
  4 dart slugs
  88 orcs
  7 bats
  11 endoplasms
  3 giant cockroaches
  11 goblins
  13 hobgoblins
  4 quokkas
  8 ball pythons
  5 frilled lizards
  35 kobolds
  7 rats
657 creatures vanquished.

Notes
Turn   | Place    | Note
-------+----------+-------------------------------------------
     0 | D:1      | drcrypt the Minotaur Fighter began the quest for the Orb.
     0 | D:1      | Reached XP level 1. HP: 19/19 MP: 0/0
   177 | D:1      | Reached XP level 2. HP: 21/27 MP: 1/1
   518 | D:1      | Reached skill level 1 in Dodging
   580 | D:1      | Reached XP level 3. HP: 29/33 MP: 2/2
  1004 | D:2      | Found a faded altar of an unknown god.
  1588 | D:2      | Reached XP level 4. HP: 33/40 MP: 3/3
  1743 | D:2      | Noticed Sigmund
  1971 | D:2      | Found a runed translucent door.
  1972 | D:2      | Noticed Crazy Yiuf
  1977 | D:2      | Killed Crazy Yiuf
  2208 | D:3      | Reached XP level 5. HP: 36/47 MP: 4/4
  2341 | D:3      | Noticed Terence
  2350 | D:3      | Killed Terence
  2351 | D:3      | Reached skill level 1 in Maces & Flails
  2389 | D:3      | Noticed a phantom
  2402 | D:3      | Killed a phantom
  2445 | D:3      | Identified the +4 trident of Disaster {venom, rElec}
  2600 | D:3      | Found a shimmering blue altar of Sif Muna.
  2872 | D:4      | Found an ancient bone altar of Kikubaaqudgha.
  2915 | D:4      | Reached XP level 6. HP: 52/55 MP: 5/5
  2944 | D:4      | Reached skill level 5 in Shields
  2947 | D:4      | Reached skill level 5 in Fighting
  2950 | D:4      | Reached skill level 1 in Polearms
  2950 | D:4      | Reached skill level 5 in Armour
  3218 | D:4      | Found a shimmering altar of Xom.
  3246 | D:4      | Noticed an angel
  3251 | D:4      | Found a glowing silver altar of Zin.
  3252 | D:4      | Found a staircase to the Ecumenical Temple.
  3363 | D:4      | Found a blossoming altar of Fedhas.
  3497 | D:4      | Reached XP level 7. HP: 61/61 MP: 6/6
  3596 | D:4      | Found a sacrificial altar of Ru.
  3597 | D:4      | Found a burning altar of Makhleb.
  3659 | D:5      | Entered Level 5 of the Dungeon
  4080 | D:5      | Reached skill level 1 in Throwing
  4238 | D:5      | Identified the +2 robe "Qereell" {Stlth+}
  4702 | D:6      | Noticed Prince Ribbit
  4708 | D:6      | Killed Prince Ribbit
  4709 | D:6      | Reached XP level 8. HP: 53/70 MP: 7/7
  5081 | D:6      | Found a basalt altar of Yredelemnul.
  5088 | D:6      | Noticed a profane servitor
  5105 | D:6      | Found a glowing golden altar of the Shining One.
  5107 | D:6      | Noticed an angel
  5674 | D:7      | Noticed a moth of wrath
  5676 | D:7      | Noticed booth's ghost (novice DsRe)
  5690 | D:7      | Found a stormy altar of Qazlal.
  5811 | D:7      | Found a bloodstained altar of Trog.
  5860 | D:7      | Reached skill level 5 in Dodging
  5971 | D:7      | Reached skill level 5 in Polearms
  5982 | D:7      | Reached XP level 9. HP: 76/79 MP: 8/8
  6114 | D:7      | Found Vupt's Distillery.
  6426 | D:7      | Noticed a moth of wrath
  6429 | D:7      | Found a bloodstained altar of Trog.
  6502 | D:7      | Found a transporter.
  6507 | D:7      | Found a transporter.
  6521 | D:7      | Killed a moth of wrath
  6537 | D:7      | Killed booth's ghost
  7033 | D:8      | Reached skill level 5 in Throwing
  7506 | D:9      | Found a viscous altar of Jiyva.
  7556 | D:9      | Reached XP level 10. HP: 90/90 MP: 9/9
  7606 | D:9      | Noticed a two-headed ogre
  7772 | D:9      | Killed a two-headed ogre
  7988 | D:9      | Found a transporter.
  7989 | D:9      | Found a transporter.
  8103 | D:10     | Entered Level 10 of the Dungeon
  8417 | D:9      | Noticed a two-headed ogre
  8425 | D:9      | Killed a two-headed ogre
  8751 | D:9      | Found a staircase to the Orcish Mines.
  8982 | Orc:1    | Entered Level 1 of the Orcish Mines
  9039 | D:10     | Noticed a six-headed hydra
  9057 | D:10     | Noticed a death knight
  9068 | D:10     | Noticed a cyclops
  9817 | D:10     | Noticed a two-headed ogre
  9834 | D:10     | Killed a two-headed ogre
  9835 | D:10     | Reached XP level 11. HP: 67/99 MP: 10/10
  9950 | D:10     | Found a runed translucent gate.
  9955 | D:10     | Found a runed translucent gate.
  9955 | D:10     | Found a runed translucent gate.
  9957 | D:10     | Noticed AgateBread's ghost (journeyman AtWr)
 10011 | D:10     | Killed AgateBread's ghost
 10012 | D:10     | Reached skill level 10 in Fighting
 10012 | D:10     | Reached skill level 10 in Armour
 10508 | Temple   | Entered the Ecumenical Temple
 10581 | Temple   | Became a worshipper of Warmaster Okawaru
 10882 | Orc:1    | Noticed an ettin
 10895 | Orc:1    | Killed an ettin
 11124 | Orc:2    | Entered Level 2 of the Orcish Mines
 11269 | Orc:2    | Noticed an orc sorcerer
 11279 | Orc:2    | Killed an orc sorcerer
 11279 | Orc:2    | Reached * piety under Okawaru
 11433 | Orc:2    | Found Aces's Magic Scroll Emporium.
 11482 | Orc:2    | Noticed an orc sorcerer
 11489 | Orc:2    | Noticed a sun demon
 11490 | Orc:2    | Killed an orc sorcerer
 11493 | Orc:2    | Noticed an orc sorcerer
 11506 | Orc:2    | Killed an orc sorcerer
 11510 | Orc:2    | Found Ifuhydosa's Antique Weapon Emporium.
 11551 | Orc:2    | Found an ancient bone altar of Kikubaaqudgha.
 11551 | Orc:2    | Noticed an ogre mage
 11551 | Orc:2    | Noticed an ogre mage
 11551 | Orc:2    | Noticed an orc sorcerer
 11551 | Orc:2    | Noticed an orc sorcerer
 11551 | Orc:2    | Noticed an orc sorcerer
 11560 | Orc:2    | Killed an orc sorcerer
 11560 | Orc:2    | Reached ** piety under Okawaru
 11561 | Orc:2    | Paralysed by an ogre mage for 4 turns
 11884 | Orc:2    | Found a staircase to the Elven Halls.
 11919 | Orc:2    | Reached skill level 10 in Polearms
 12047 | Orc:1    | Noticed an orc knight
 12446 | D:11     | Reached *** piety under Okawaru
 12780 | D:11     | Found a staircase to the Lair.
 12961 | D:11     | Identified the +1 rapier "Hiras" {vamp, rF+ Str+2}
 13142 | D:11     | Reached XP level 12. HP: 105/111 MP: 11/11
 13454 | Lair:1   | Entered Level 1 of the Lair of Beasts
 13454 | Lair:1   | Noticed Joseph
 13469 | Lair:1   | Killed Joseph
 13469 | Lair:1   | Reached **** piety under Okawaru
 13486 | D:11     | HP: 5/112 [poisoned by a cane toad]
 14779 | Lair:2   | Noticed Gastronok
 14781 | Lair:2   | Noticed Nergalle
 14951 | Lair:2   | Found a staircase to the Shoals.
 15117 | Lair:2   | Killed Nergalle
 15117 | Lair:2   | Reached ***** piety under Okawaru
 15160 | Lair:2   | Killed Gastronok
 15573 | Lair:2   | Received a gift from Okawaru
 15946 | Lair:2   | Noticed a four-headed hydra
 15955 | Lair:2   | Killed a four-headed hydra
 16091 | Lair:2   | Found a runed translucent door.
 16506 | Lair:3   | Found a staircase to the Snake Pit.
 16551 | Lair:3   | Identified the +12 broad axe of Plog {flame, rCorr Str+2
                  | Stlth+} (Okawaru gifted it to you on level 3 of the Lair of
                  | Beasts)
 16551 | Lair:3   | Received a gift from Okawaru
 16562 | Lair:3   | Reached XP level 13. HP: 112/122 MP: 12/12
 16636 | Lair:3   | Noticed Amaemon
 17164 | Lair:3   | Found a transporter.
 17174 | Lair:3   | Killed Amaemon
 17175 | Lair:3   | Noticed Dewotholy's ghost (journeyman VSBe)
 17320 | Lair:3   | Found a transporter.
 17995 | Lair:3   | Reached skill level 5 in Axes
 18253 | Lair:4   | Noticed Nessos
 18264 | Lair:4   | Killed Nessos
 18310 | Lair:4   | Received a gift from Okawaru
 18431 | Lair:4   | Found a frozen archway.
 18613 | IceCv    | Entered an ice cave
 19435 | IceCv    | Got Amoc's Guide on Chilblains
 19822 | Lair:4   | Received a gift from Okawaru
 20016 | Lair:4   | Found a runed translucent door.
 20016 | Lair:4   | Found a viscous altar of Jiyva.
 20016 | Lair:4   | Noticed an acid blob
 20022 | Lair:4   | Found a staircase to the Slime Pits.
 20022 | Lair:4   | Noticed an acid blob
 20123 | Lair:5   | Entered Level 5 of the Lair of Beasts
 20132 | Lair:5   | Reached skill level 10 in Shields
 20311 | Lair:5   | Reached XP level 14. HP: 116/133 MP: 13/13
 20708 | Lair:5   | Received a gift from Okawaru
 20946 | Lair:5   | Reached skill level 10 in Axes
 21341 | Lair:5   | Received a gift from Okawaru
 21346 | Lair:5   | Reached skill level 15 in Fighting
 21350 | Lair:5   | Reached ****** piety under Okawaru
 21351 | Lair:5   | Reached skill level 15 in Armour
 21595 | Lair:5   | Identified the +5 chain mail "Uffuexy" {+Inv} (Okawaru
                  | gifted it to you on level 5 of the Lair of Beasts)
 21595 | Lair:5   | Received a gift from Okawaru
 22546 | Orc:2    | Found Tyrohesuasas's Jewellery Shoppe.
 22553 | Orc:2    | Bought the ring "Pomopeacua" {rC+ EV+5 Str+3} for 731 gold
                  | pieces
 22568 | Orc:2    | Found a radiant altar of Vehumet.
 22576 | Orc:2    | Found Axuutew's Magic Scroll Emporium.
 22612 | Orc:2    | Found Geattaod's Antique Weapon Shoppe.
 23238 | Orc:2    | Bought a scroll of enchant armour for 112 gold pieces
 24227 | Orc:2    | Found a staircase to the Elven Halls.
 24300 | Orc:2    | Found Aces's Magic Scroll Emporium.
 24478 | Orc:2    | Found Tyrohesuasas's Jewellery Shoppe.
 24487 | Orc:2    | Found a radiant altar of Vehumet.
 24491 | Orc:2    | Found Axuutew's Magic Scroll Emporium.
 24939 | D:12     | Identified the +6 scale mail "Huavuc" {rPois rF+++ rC-
                  | Will+}
 25281 | D:13     | Found a gate to the Vaults.
 25732 | D:13     | Reached XP level 15. HP: 136/143 MP: 14/14
 25785 | D:13     | Reached skill level 1 in Invocations
 25921 | D:13     | Found a runed translucent door.
 25922 | D:13     | Identified the +10 spear "Athryx" {flame, *Rage +Blink
                  | rElec}
 25922 | D:13     | Noticed Magoutam's ghost (journeyman KoBe)
 26195 | D:13     | Killed Magoutam's ghost
 26209 | D:13     | Mangled by a spriggan rider

Illustrated notes

Levels and vault maps discovered:
D:1:      roderic_crossed_star, layout_loops_corners
D:2:      kennysheep_big_flooded_room, layout_loops_corners,
          hellmonk_ecumenical_altar_blasted, due_unseen_surprise, uniq_sigmund,
          uniq_crazy_yiuf_cottage
D:3:      layout_basic, mainiacjoe_overflow_concentric_impassable,
          guppyfry_early_orc_mine, uniq_terence
D:4:      layout_basic, grunt_temple_overflow_order_and_chaos_1,
          overflow_temple_1_default, gammafunk_temple_overflow_statue,
          fedhas_altar_4, minmay_temple_entry_trees
D:5:      layout_basic
D:6:      layout_loops_cross, grunt_temple_overflow_holy_war,
          uniq_prince_ribbit1
D:7:      layout_loops_corners, tgw_trog, nicolae_qazlal_scattered_showers,
          gammafunk_ghost_wrathful_warriors, minmay_shop_grid_forest,
          serial_bayou_pond_b
D:8:      layout_cave_pools
D:9:      gammafunk_jiyva_shrine, layout_basic, david_orc_5, minivault_21,
          grunt_ministairs_15
D:10:     layout_loops_ring, ebering_ghost_rock_garden,
          nicolae_fountain_basement
D:11:     layout_roguey, erik_lair_dragon, minmay_misc_feat_enclosed
D:12:     layout_rooms, argonaut_gorgonesque
D:13:     layout_basic, erik_vaults_1, ebering_ghost_funeral_grove,
          grunt_ministairs_1, lemuel_flamethrower_1
Temple:   minmay_temple_curvy_loop
Lair:1:   layout_cave_pods, evilmike_ambush [evilmike_ambush_outer_basic,
          evilmike_ambush_inner_basic], uniq_joseph
Lair:2:   layout_small_grid, shoals_dummy_entry, pdpol_lair_cabin_in_the_woods,
          uniq_nergalle, uniq_gastronok
Lair:3:   layout_gridlike, minmay_snake_entry_guardpost_medium,
          gammafunk_ghost_hive, minmay_shattered_shrine, uniq_amaemon
Lair:4:   hellmonk_ruined_rings, layout_misc_corridors, slime_entry_2,
          portal_ice_cave_entry_pillars_2, chequers_serial_rivers_micro_b,
          uniq_nessos
Lair:5:   grunt_lair_end_beastmaster, layout_loops_ring
Orc:1:    layout_diamond_mine, minmay_orc_temple_a
Orc:2:    kennysheep_orc_mage_school, layout_diamond_mine, serial_shops,
          nicolae_shop_rolling_square

Skill      XL: |  1  2  3  4  5  6  7  8  9 10 11 12 13 14 15 |
---------------+----------------------------------------------+-----
Dodging        | 1 2 3 4 5 6 8 |  8.4
Armour         | 4 5 6 7 8 9 11 13 14 15 | 15.9
Shields        | 4 5 6 8 10 11 | 11.9
Fighting       | 4 5 6 7 8 9 11 13 14 15 | 15.9
Axes           | 3 8 11 12 | 12.0
Maces & Flails | 1 |  1.7
Polearms       | 2 3 5 7 8 10 12 | 12.5
Throwing       | 1 3 5 6 |  6.9
Invocations    | 2 |  2.0

Action                     |  1- 3 |  4- 6 |  7- 9 | 10-12 | 13-15 || total
---------------------------+-------+-------+-------+-------+-------++-------
  Melee: War axe           |    96 |    11 |       |       |       ||   107
         Headbutt          |     8 |    19 |    46 |   147 |   115 ||   335
         Mace              |       |    47 |       |       |       ||    47
         Trident           |       |    56 |   312 |   716 |       ||  1084
         Broad axe         |       |       |       |       |   539 ||   539
  Throw: Boomerang         |       |       |    10 |       |       ||    10
 Invoke: Heroism           |       |       |       |     1 |     6 ||     7
    Use: Scroll            |       |       |    13 |     9 |     4 ||    26
         Potion            |       |       |     2 |     4 |     4 ||    10
   Stab: Petrified         |       |       |       |       |     4 ||     4
         Petrifying        |       |       |       |       |     1 ||     1
 Armour: Scale mail        |     9 |       |       |       |       ||     9
         Chain mail        |    40 |    46 |   103 |    81 |       ||   270
         Skin              |       |     1 |       |       |       ||     1
         Plate armour      |       |       |       |    96 |   301 ||   397
  Dodge: Dodged            |    38 |    60 |   159 |   364 |   507 ||  1128
  Block: Buckler           |    23 |    26 |    73 |   116 |   220 ||   458
